 Dungeon Crawl Stone Soup version 0.32-a0-702-gc29ba85809 (webtiles) character file.

Game seed: 2811496688168050015

16 Nattfarinn the Firebug (level 2, 0/20 HPs)
             Began as a Mountain Dwarf Fire Elementalist on Mar 14, 2024.
             Slain by a ribbon worm (6 damage)
             ... on level 2 of the Dungeon.
             The game lasted 00:00:49 (1133 turns).

Nattfarinn the Firebug (MDFE)                       Turns: 1133, Time: 00:00:50

Health: 0/20       AC:  3    Str: 10    XL:     2   Next: 41%
Magic:  3/5        EV:  5    Int: 15    God:
Gold:   46         SH:  0    Dex: 10    Spells: 4/5 levels left

rFire   . . .        c - +2 whip (flame)
rCold   . . .        (no shield)
rNeg    . . .        a - +0 robe
rPois   .            f - +0 helmet
rElec   .            (no cloak)
rCorr   .            (no gloves)
SInv    .            (no boots)
Will    .....        (no amulet)
Stlth   ++           (no ring)
HPRegen 0.23/turn    (no ring)
MPRegen 0.09/turn

%: no passive effects
@: held
A: runic magic, artefact enchanting
a: no special abilities


You were on level 2 of the Dungeon.
You visited 1 branch of the dungeon, and saw 2 of its levels.

You collected 46 gold pieces.

Inventory:

Hand Weapons
 c - a +2 whip of flaming (weapon)
Armour
 a - a +0 robe (worn)
 f - a +0 helmet (worn)
Scrolls
 d - a scroll of summoning {unknown}
 e - 2 scrolls of enchant weapon
 h - 4 scrolls of teleportation {unknown}
 i - 2 scrolls of fog {unknown}
 l - a scroll of vulnerability {unknown}
 m - a scroll of identify {unknown}
Potions
 b - a potion of magic
 g - 2 potions of mutation {unknown}
 j - a potion of resistance {unknown}
 k - a potion of ambrosia {unknown}


   Skills:
 - Level 1.3 Dodging
 - Level 1.4 Stealth
 + Level 2.1 Spellcasting
 - Level 0.8 Conjurations
 * Level 4.3 Fire Magic


You had 4 spell levels left.
You knew the following spells:

 Your Spells              Type           Power      Damage    Failure   Level
a - Foxfire               Conj/Fire      36%        2x1d5     8%          1

Your spell library contained the following spells:

 Spells                   Type           Power      Damage    Failure   Level
 Scorch                   Fire           28%        2d6       5%          2
 Slow                     Hex            4%         N/A       22%         1
 Inner Flame              Hex/Fire       8%         N/A       26%         3
 Volatile Blastmotes      Fire/Tloc      16%        2d11      26%         3
 Confusing Touch          Hex            1%         N/A       54%         3
 Vampiric Draining        Necr           1%         2d6       54%         3
 Flame Wave               Conj/Fire      9%         2d6       58%         4


Dungeon Overview and Level Annotations

Branches:
Dungeon (2/15)

Altars:

Shops:
D:1 *


Innate Abilities, Weirdness & Mutations

Your spellcasting is much less encumbered by armour.
You can use scrolls of enchantment on lesser artefacts.


Message History

You hit the endoplasm. You burn the endoplasm.
You kill the endoplasm!
You hit the rat. You burn the rat.
You kill the rat!
A ribbon worm comes into view.
You hit the rat. You burn the rat.
You kill the rat!
You hit the rat but do no damage.
The rat splashes around in the water.
The rat bites you but does no damage.
You closely miss the rat. The rat misses you.
You hit the rat. You burn the rat.
You kill the rat!
Found a scroll labelled MAOCKOEGGOU.
The ribbon worm bites you!
You whack the ribbon worm! You burn the ribbon worm.
The ribbon worm is heavily wounded.
You hit the ribbon worm. You burn the ribbon worm.
The ribbon worm is severely wounded.
The ribbon worm expels a string of sticky webbing.
The stream of webbing hits you but does no damage.
You are caught in a web!
You struggle to detach yourself from the web.
The ribbon worm bites you.
You are too injured to fight recklessly!
You are too injured to fight recklessly!
You are too injured to fight recklessly!
You are too injured to fight recklessly!
You are too injured to fight recklessly!
Unknown command.
Casting: Foxfire (safe; 8% risk of failure)
Confirm with . or Enter, or press ? or * to list all spells.
You conjure some foxfire!
The ribbon worm bites you.
* * * LOW HITPOINT WARNING * * *
Casting: Foxfire (safe; 8% risk of failure)
Confirm with . or Enter, or press ? or * to list all spells.
You conjure some foxfire!
The foxfire hits the ribbon worm.
The ribbon worm is severely wounded.
The foxfire hits the ribbon worm.
The ribbon worm is almost dead.
The ribbon worm bites you.
You die...

####....##
#.####.##+#####
#.........$....
######.........
#........(..
###########.>.........
................<.....
........v..).###.#..##
......w@v...## .#..#
?.......~~..# .# .#
.......~..~.#
...~~..~..~~~#
..~..~..~..~~~#
..~..~⌠.~...~~#
...~.⌠~..~..~~#
~..~..~..~..~~#


You could see a ribbon worm (catching breath, ally target).

Vanquished Creatures
  2 bats (D:1)
  3 endoplasms
  2 giant cockroaches
  A goblin (D:1)
  A hobgoblin (D:1)
  A ball python (D:1)
  A frilled lizard (D:1)
  4 rats
15 creatures vanquished.

Vanquished Creatures (others)
  2 foxfires (D:2)
2 creatures vanquished.

Grand Total: 17 creatures vanquished

Notes
Turn   | Place    | Note
-------+----------+-------------------------------------------
     0 | D:1      | Nattfarinn the Mountain Dwarf Fire Elementalist began the
                  | quest for the Orb.
     0 | D:1      | Reached XP level 1. HP: 14/14 MP: 3/3
   398 | D:1      | Reached skill level 4 in Fire Magic
   697 | D:1      | Reached XP level 2. HP: 20/20 MP: 5/5
   874 | D:1      | Found a faded altar of an unknown god.
   933 | D:1      | Found Caom's General Store.
  1133 | D:2      | Slain by a ribbon worm

Illustrated notes

Levels and vault maps discovered:
D:1:      ldierk_walled_garden, layout_basic,
          dilly_ecumenical_altar_fadedgnrine, serial_shops,
          nicolae_shop_temple_entry_statues_fountains, dk_noncrumbling_2
D:2:      cheibrodos_helix_gallery, layout_basic, minmay_misc_feat_pillars

Skill      XL: |  1 |
---------------+----+-----
Fire Magic     | 4 |  4.3
Spellcasting   | 2 |  2.1
Dodging        | |  1.3
Stealth        | |  1.4
Conjurations   | |  0.8

Action                     || total
---------------------------++-------
  Melee: Whip              ||    29
   Cast: Foxfire           ||     2
    Use: Scroll            ||     1
 Armour: Robe              ||    16
  Dodge: Dodged            ||    13

Table legend: (Time is in decaauts)
 A = Elapsed time spent in this place.
 B = Non-inter-level travel time spent in this place.
 C = Inter-level travel time spent in this place.
 D = Time resting spent in this place.
 E = Time spent auto-exploring this place.
 F = Levels seen in this place.
 G = Mean time per level.
                   A        B        C        D        E       F      G
               +--------+--------+--------+--------+--------+-----+--------+
         Total |   1136 |   1091 |     45 |     41 |    942 |   2 |  568.0 |
       Dungeon |   1136 |   1091 |     45 |     41 |    942 |   2 |  568.0 |
               +--------+--------+--------+--------+--------+-----+--------+

Top non-repeatable levels by time:
     D:1: 1076 daAuts
     D:2: 59 daAuts
